 Dungeon Crawl Stone Soup version 0.25.1-9-gc5326a611f (webtiles) character file.

Game seed: 330573300527036958

861 pokeman the Thaumaturge (level 7, 0/40 HPs)
             Began as a Deep Elf Wizard on Dec 22, 2020.
             Slain by a worker ant (3 damage)
             ... on level 5 of the Dungeon.
             The game lasted 00:12:59 (6780 turns).

pokeman the Thaumaturge (Deep Elf Wizard)           Turns: 6780, Time: 00:13:00

Health: 0/40       AC:  4    Str: 10    XL:     7   Next: 71%
Magic:  1/21       EV: 12    Int: 25    God:
Gold:   101        SH:  0    Dex: 13    Spells: 12/23 levels left

rFire    . . .     SeeInvis .   c - -2 mace (curse)
rCold    + . .     Gourm    .   (no shield)
rNeg     . . .     Faith    .   H - +0 leather armour {rC+}
rPois    .         Spirit   .   b - +0 hat
rElec    .         Reflect  .   (no cloak)
rCorr    .         Harm     .   E - +0 pair of gloves
MR       .....                  (no boots)
Stlth    +.........             u - amulet of the acrobat
HPRegen  0.13/turn              r - ring of attention (curse)
MPRegen  0.17/turn              t - +6 ring of strength

@: very slightly contaminated
A: no striking features
a: no special abilities


You were on level 5 of the Dungeon.
You were not hungry.

You visited 1 branch of the dungeon, and saw 5 of its levels.
You also visited: Ossuary.

You collected 101 gold pieces.

Inventory:

Hand Weapons
 c - a cursed -2 mace (weapon)
 n - a +0 vorpal shortbow
 F - a +0 hand crossbow
Missiles
 o - 46 arrows
 q - 12 bolts
Armour
 b - a +0 hat (worn)
 E - a +0 pair of gloves (worn)
 H - a +0 leather armour of cold resistance (worn)
Magical Staves
 y - an uncursed staff of fire {unknown}
Jewellery
 r - a cursed ring of attention (left hand)
 s - an uncursed ring of fire
 t - a +6 ring of strength (right hand)
 u - an amulet of the acrobat (around neck)
Scrolls
 f - 3 scrolls of blinking {unknown}
 i - a scroll of amnesia {unknown}
 k - 7 scrolls of teleportation {unknown}
 l - 8 scrolls of remove curse {unknown}
 m - 3 scrolls of noise {unknown}
 p - 7 scrolls of identify {unknown}
 x - a scroll of brand weapon {unknown}
 C - a scroll of fear {unknown}
 D - 2 scrolls of magic mapping {unknown}
Potions
 e - 4 potions of degeneration {unknown}
 g - 4 potions of lignification {unknown}
 h - 2 potions of might {unknown}
 j - 4 potions of flight {unknown}
 v - 2 potions of heal wounds {unknown}
 w - a potion of haste {unknown}
 z - a potion of ambrosia {unknown}
 A - a potion of mutation {unknown}
 B - 2 potions of invisibility {unknown}
 G - a potion of stabbing {unknown}
 I - a potion of curing {unknown}
Comestibles
 a - 2 chunks of flesh
 d - 5 rations


   Skills:
 - Level 2.0 Fighting
 + Level 1.6 Armour
 - Level 3.0 Dodging
 - Level 3.0 Stealth
 * Level 8.5 Spellcasting
 + Level 4.3 Conjurations
 - Level 1.1 Summonings
 - Level 1.1 Translocations
 + Level 2.8 Fire Magic
 - Level 1.0 Air Magic
 - Level 1.1 Poison Magic


You had 12 spell levels left.
You knew the following spells:

 Your Spells              Type           Power        Failure   Level  Hunger
a - Magic Dart            Conj           ####         1%          1    None
b - Mephitic Cloud        Conj/Pois/Air  ###.....     10%         3    None
c - Call Imp              Summ           ###.....     8%          2    None
d - Blink                 Tloc           N/A          8%          2    None
e - Conjure Flame         Conj/Fire      ####....     5%          3    None

Your spell library contained the following spells:

 Spells                   Type           Power        Failure   Level  Hunger
 Slow                     Hex            ##......     12%         2    None


Dungeon Overview and Level Annotations

Branches:
Dungeon (5/15)            Ossuary (visited)
 Temple: D:4-7

Altars:
Dithmenos
Wu Jian
The Shining One


Message History

The centaur appears confused.
The centaur is engulfed in noxious fumes.
The centaur appears confused.
A worker ant comes into view.
The worker ant twitches its antennae in your direction.
Casting: Mephitic Cloud (dangerous; 10% risk of failure)
Confirm with . or Enter, or press ? or * to list all spells.
Aiming: Mephitic Cloud (dangerous; 10% risk of failure)
Press: ? - help, Shift-Dir - straight line, f - worker ant
Aim: a worker ant You miscast Mephitic Cloud.
You are very lightly contaminated with residual magic.
Nothing appears to happen.
The worker ant bites you.
* * * LOW HITPOINT WARNING * * *
The worker ant closely misses you. The worker ant completely misses you.
There is a stone staircase leading up here.
The worker ant bites you.
You die...

....... ........... .#
#.........###.+
.##.............#
.................#
...#..........##..#
...............#.# #
............O....##.#
.#....<.........@.#.##.
..#..........#.a........
............##..........
........................
........................
........................
............#.......####
.....................#
............#..........


You could see an ogre and a worker ant.

Vanquished Creatures
  An ogre (D:5)
  2 centaurs
  A centaur zombie (D:5)
  2 orc priests (D:4)
  2 hounds
  2 orc wizards (D:4)
  A worker ant (D:4)
  An iguana (D:4)
  A hound skeleton (D:4)
  13 mummies (Ossuary)
  8 adders
  An ooze (D:4)
  4 worms
  2 dart slugs
  10 orcs
  2 ball pythons (D:4)
  5 giant cockroaches
  5 goblins
  4 hobgoblins
  9 jackals
  4 quokkas
  10 bats
  5 frilled lizards
  3 gnoll skeletons (Ossuary)
  A goblin skeleton (Ossuary)
  5 kobolds
  4 orc skeletons (Ossuary)
  4 rats
  11 rat skeletons (Ossuary)
123 creatures vanquished.

Notes
Turn   | Place    | Note
-------+----------+-------------------------------------------
     0 | D:1      | pokeman the Deep Elf Wizard began the quest for the Orb.
     0 | D:1      | Reached XP level 1. HP: 10/10 MP: 7/7
   326 | D:1      | Reached XP level 2. HP: 16/16 MP: 4/9
   859 | D:2      | Reached skill level 5 in Spellcasting
   943 | D:2      | Noticed a centaur
   944 | D:2      | Reached XP level 3. HP: 20/20 MP: 0/11
   982 | D:1      | Learned a level 3 spell: Mephitic Cloud
   985 | D:1      | Learned a level 2 spell: Call Imp
   988 | D:1      | Learned a level 2 spell: Blink
   992 | D:1      | Learned a level 3 spell: Conjure Flame
  1716 | D:2      | Reached skill level 1 in Fighting
  1735 | D:2      | Reached skill level 1 in Armour
  1793 | D:2      | Killed a centaur
  1793 | D:2      | Reached skill level 1 in Poison Magic
  1793 | D:2      | Reached XP level 4. HP: 8/25 MP: 0/13
  2062 | D:2      | Reached skill level 6 in Spellcasting
  2062 | D:2      | Reached XP level 5. HP: 29/29 MP: 10/15
  2146 | D:2      | Found a shadowy altar of Dithmenos.
  2208 | D:2      | Found an ornate altar of the Wu Jian Council.
  3597 | D:3      | Found a glowing golden altar of the Shining One.
  3701 | D:4      | Found a sand-covered staircase.
  3722 | Ossuary  | Entered an ossuary
  3789 | Ossuary  | Reached skill level 1 in Fire Magic
  4135 | Ossuary  | Reached skill level 1 in Air Magic
  4347 | Ossuary  | Reached XP level 6. HP: 25/34 MP: 10/17
  4855 | Ossuary  | Reached skill level 7 in Spellcasting
  5971 | D:4      | Reached XP level 7. HP: 37/39 MP: 14/20
  6309 | D:4      | Reached skill level 8 in Spellcasting
  6648 | D:5      | Entered Level 5 of the Dungeon
  6778 | D:5      | HP: 2/40 [worker ant (3)]
  6780 | D:5      | Slain by a worker ant

Illustrated notes

Levels and vault maps discovered:
D:1:      matt_arrival_refuge, layout_rooms
D:2:      layout_rooms, nicolae_overflow_crystal_walls,
          grunt_dithmenos_smoke_and_mirrors
D:3:      layout_basic, nicolae_tso_swordbearing_angel
D:4:      layout_loops_ring, first_ration, nicolae_ossuary_entry_ruins
D:5:      layout_rooms, overflow_temple_1_default, kennysheep_generic_room_10

Skill      XL: |  1  2  3  4  5  6  7 |
---------------+----------------------+-----
Spellcasting   | 5 6 7 8 |  8.5
Fighting       | 1 2 |  2.0
Armour         | 1 |  1.6
Conjurations   | 2 3 4 |  4.3
Poison Magic   | 1 |  1.1
Dodging        | 3 |  3.0
Fire Magic     | 1 2 |  2.8
Air Magic      | 1 |  1.0
Stealth        | 3 |  3.0
Summonings     | |  1.1
Translocations | |  1.1

Action                   |  1- 3 |  4- 6 |  7- 9 || total
-------------------------+-------+-------+-------++-------
Melee: Mace              |    21 |    44 |     6 ||    71
 Cast: Magic Dart        |    83 |   235 |    65 ||   383
       Mephitic Cloud    |     5 |       |     4 ||     9
       Conjure Flame     |     3 |       |     1 ||     4
 Stab: Confused          |     1 |       |       ||     1
  Eat: Chunk             |     1 |     8 |     2 ||    11
       Ration            |       |     2 |       ||     2
Armor: Robe              |     5 |    13 |       ||    18
       Leather armour    |       |     3 |     4 ||     7
Dodge: Dodged            |    40 |    52 |    12 ||   104
